General information
- name: BNet
- type: Ladder team game (AT/RT)
- host: Battle.net
- saver: avid.milk2
map: TurtleRock
- players: 4
- length: 16:15
- speed: Fast
- version: 1.24 W3XP
- replay type: Public
» download(60 KB)
Players
team 1 (winner)

»
avid.milk2 (
blue | 77 APM | 1251 actions | 16:15)
6 Blademaster
3 Wind Walk
3 Critical Strike
» actions
| Assign group hotkey | 21 | |
| Basic commands | 18 | |
| Build / train | 73 | |
| ESC pressed | 1 | |
| Enter build submenu | 37 | |
| Enter hero's abilities submenu | 7 | |
| Give item / drop item | 1 | |
| Right click | 498 | |
| Select / deselect | 141 | |
| Select group hotkey | 350 | |
| Use ability | 104 | |
1251 total
» units
| Peon | 25 | |
| Demolisher | 5 | |
| Troll Batrider | 8 | |
| Grunt | 2 | |
40 total
» upgrades
| Ranged Weapons | 2 | |
| Burning Oil | 3 | |
| Liquid Fire | 1 | |
| Armor | 1 | |
7 total
» buildings
| Altar of Storms | 1 | |
| Orc Burrow | 6 | |
| War Mill | 3 | |
| Voodoo Lounge | 1 | |
| Watch Tower | 16 | |
| Stronghold | 3 | |
| Barracks | 4 | |
| Beastiary | 5 | |
| Fortress | 2 | |
41 total
» build order
00:08 Altar of Storms
00:11 Orc Burrow
00:44 War Mill
00:47 War Mill
01:05 Voodoo Lounge
01:45 War Mill
02:29 Watch Tower
02:32 Watch Tower
03:46 Watch Tower
03:47 Watch Tower
03:54 Watch Tower
03:55 Watch Tower
03:55 Watch Tower
03:55 Watch Tower
04:09 Watch Tower
05:06 Stronghold
05:09 Stronghold
05:09 Stronghold
05:11 Orc Burrow
05:11 Orc Burrow
05:14 Orc Burrow
05:14 Orc Burrow
06:35 Watch Tower
06:36 Watch Tower
06:37 Watch Tower
07:12 Barracks
07:20 Barracks
07:30 Beastiary
07:31 Beastiary
07:31 Beastiary
07:33 Fortress
07:36 Beastiary
07:37 Beastiary
07:39 Fortress
07:44 Barracks
07:45 Barracks
08:02 Watch Tower
08:39 Watch Tower
08:40 Watch Tower
08:41 Watch Tower
08:50 Orc Burrow
» items
| Healing Salve | 2 | |
| Lesser Clarity Potion | 6 | |
| Scroll of Speed | 2 | |
| Potion of Mana | 2 | |
| Potion of Healing | 1 | |
13 total

»
brucewillisusa (
yellow | 53 APM | 82 actions | 01:33)
» actions
| Assign group hotkey | 21 | |
| Build / train | 8 | |
| Enter build submenu | 4 | |
| Right click | 26 | |
| Select / deselect | 11 | |
| Select group hotkey | 8 | |
| Use ability | 4 | |
82 total
» units
» buildings
| Altar of Storms | 1 | |
| Orc Burrow | 1 | |
| War Mill | 1 | |
| Voodoo Lounge | 1 | |
4 total
» build order
00:09 Altar of Storms
00:13 Orc Burrow
00:54 War Mill
01:05 Voodoo Lounge
team 2 (loser)
Commodity-Index (
green | 53 APM | 729 actions | 13:43)
1 Archmage
1 Summon Water Elemental
» actions
| Assign group hotkey | 22 | |
| Basic commands | 78 | |
| Build / train | 34 | |
| Enter build submenu | 15 | |
| Enter hero's abilities submenu | 1 | |
| Remove unit from queue | 1 | |
| Right click | 279 | |
| Select / deselect | 169 | |
| Select group hotkey | 83 | |
| Use ability | 47 | |
729 total
» units
| Peasant | 9 | |
| Footman | 10 | |
| Rifleman | 6 | |
25 total
» upgrades
» buildings
| Altar of Kings | 1 | |
| Farm | 9 | |
| Barracks | 2 | |
| Arcane Vault | 1 | |
| Blacksmith | 1 | |
| Keep | 1 | |
15 total
» build order
00:06 Altar of Kings
00:15 Farm
00:52 Barracks
01:16 Farm
01:43 Barracks
02:21 Arcane Vault
02:41 Farm
03:45 Blacksmith
04:08 Farm
05:25 Farm
05:26 Farm
07:51 Farm
11:08 Keep
11:46 Farm
11:47 Farm
» items
Put-CallParity (
teal | 77 APM | 1046 actions | 13:39)
2 Archmage
1 Summon Water Elemental
1 Brilliance Aura
» actions
| Assign group hotkey | 77 | |
| Basic commands | 26 | |
| Build / train | 55 | |
| ESC pressed | 11 | |
| Enter build submenu | 37 | |
| Enter hero's abilities submenu | 2 | |
| Right click | 386 | |
| Select / deselect | 225 | |
| Select group hotkey | 169 | |
| Use ability | 58 | |
1046 total
» units
| Peasant | 22 | |
| Footman | 12 | |
| Rifleman | 2 | |
36 total
» upgrades
» buildings
| Altar of Kings | 1 | |
| Farm | 9 | |
| Barracks | 1 | |
| Lumber Mill | 1 | |
| Arcane Vault | 2 | |
| Keep | 1 | |
| Blacksmith | 1 | |
| Scout Tower | 12 | |
| Guard Tower | 10 | |
| Arcane Tower | 1 | |
| Arcane Sanctum | 1 | |
| Gryphon Aviary | 1 | |
41 total
» build order
00:06 Altar of Kings
00:09 Farm
00:11 Farm
00:27 Barracks
01:09 Farm
01:33 Lumber Mill
01:52 Farm
02:35 Farm
03:39 Arcane Vault
03:49 Farm
06:05 Keep
06:09 Blacksmith
07:00 Scout Tower
07:03 Scout Tower
07:05 Scout Tower
07:07 Scout Tower
07:32 Guard Tower
07:33 Guard Tower
07:37 Arcane Tower
07:38 Guard Tower
07:41 Scout Tower
07:46 Scout Tower
07:55 Scout Tower
08:06 Farm
08:07 Farm
08:08 Farm
08:17 Guard Tower
08:29 Scout Tower
08:35 Guard Tower
08:45 Arcane Sanctum
08:54 Gryphon Aviary
09:05 Scout Tower
09:07 Scout Tower
09:08 Scout Tower
09:17 Guard Tower
09:24 Scout Tower
09:37 Guard Tower
09:38 Guard Tower
09:39 Guard Tower
10:03 Guard Tower
10:12 Arcane Vault
» items
| Lesser Clarity Potion | 1 | |
| Scroll of Regeneration | 2 | |
3 total
Chat log
(00:06 / Allies) brucewillisusa: orc/orc
(00:17 / Allies) brucewillisusa: tower and tech i guess
(00:18 / Allies) brucewillisusa: :s
(01:03 / Allies) brucewillisusa: wonder if theese guys are like economics majors
(01:12 / Allies) avid.milk2: ?
(01:16 / Allies) avid.milk2: y u say that
(01:17 / Allies) brucewillisusa: cuz of their names
(01:20 / Allies) brucewillisusa: dad says its dinner time
(01:30 / Allies) brucewillisusa: so many meals
(01:31 / Allies) brucewillisusa: so little time
(01:37 / All) Commodity-Index: gg
(01:38 / All) Put-CallParity: YATZEE
(01:47 / All) avid.milk2: you fool
(01:49 / All) avid.milk2: that was a bot
(01:52 / All) avid.milk2: that starts the build
(01:57 / All) avid.milk2: i always at with myself
(01:58 / All) avid.milk2: and win 2v1
(02:08 / All) Put-CallParity: stinks like sex
(15:20 / All) avid.milk2: OWNE
(15:26 / All) avid.milk2: OWNED PWNED PWNED OWNED
(15:32 / All) avid.milk2: SHIT ON SMACKED AND CRACKED
(15:36 / All) avid.milk2: U LIKE THAT NOOOOOOOOOOOOOOOOOBIES
(15:37 / All) avid.milk2: LOL